 Dungeon Crawl Stone Soup version 0.23.1 (webtiles) character file.

Game seed: 287717778431609351

93 uberloutre the Sneak (level 4, 0/29 HPs)
             Began as an Octopode Assassin on Mar 7, 2019.
             Slain by a gnoll
             ... wielding a +0 spear
              (6 damage)
             ... on level 3 of the Dungeon.
             The game lasted 00:09:35 (2067 turns).

uberloutre the Sneak (Octopode Assassin)            Turns: 2067, Time: 00:09:36

Health: 0/29       AC:  1    Str: 14    XL:     4   Next: 61%
Magic:  4/4        EV: 13    Int: 13    God:
Gold:   81         SH:  0    Dex: 14    Spells: 3/3 levels left

rFire    . . .     SeeInvis .   u - +2 dagger (venom)
rCold    . . .     Gourm    .   (no shield)
rNeg     . . .     Faith    .   (helmet restricted)
rPois    .         Spirit   .   (no amulet)
rElec    .         Reflect  .   g - +4 ring of strength
rCorr    .         Harm     .   (no ring)
MR       .....                  (no ring)
Stlth    ++++......             (no ring)
HPRegen  0.09/turn              (no ring)
MPRegen  0.09/turn              (no ring)
                                (no ring)
                                (no ring)

@: no status effects
A: almost no armour, stealthy swim, amphibious, 8 rings, constrict 8, camouflage
1, gelatinous body 1
a: no special abilities


You were on level 3 of the Dungeon.
You were hungry.

You visited 1 branch of the dungeon, and saw 3 of its levels.

You collected 81 gold pieces.

Inventory:

Hand Weapons
 b - a +0 blowgun
 u - a +2 dagger of venom (weapon)
Missiles
 c - 8 poisoned needles
 d - 7 curare-tipped needles
Jewellery
 g - a +4 ring of strength (left tentacle)
Scrolls
 e - a scroll of immolation {unknown}
 i - a scroll of identify
 l - a scroll of magic mapping {unknown}
 m - 2 scrolls of fear
 q - a scroll of blinking {unknown}
 r - a scroll of teleportation {unknown}
 s - a scroll of fog {unknown}
 t - 2 scrolls of remove curse {unknown}
Potions
 h - a potion of flight {unknown}
 j - a potion of ambrosia
 k - a potion of curing {unknown}
 n - a potion of heal wounds {unknown}
 o - a potion of magic {unknown}
Comestibles
 f - 5 rations
 p - a chunk of flesh


   Skills:
 + Level 2.2 Fighting
 + Level 2.6 Short Blades
 - Level 2.0 Throwing
 * Level 2.0 Dodging
 * Level 7.0 Stealth


You had 3 spell levels left.
You didn't know any spells.
Your spell library was empty.

Dungeon Overview and Level Annotations

Branches:
Dungeon (3/15)

Altars:
Gozag
Xom


Innate Abilities, Weirdness & Mutations

You cannot wear most types of armour.
You are very stealthy in the water. (Stealth+)
You are amphibious.
You can wear up to eight rings at the same time.
You can use your tentacles to constrict eight enemies at once.
Your skin changes colour to match your surroundings (Stealth+).
Your rubbery body absorbs attacks. (AC +1, EV +1)


Message History

You hit the gnoll.
The gnoll is poisoned.
You squeeze the gnoll.
The gnoll is severely wounded.
You constrict the gnoll.
You are feeling hungry.
You kill the gnoll!
Your Dodging skill increases to level 2!
You barely miss the gnoll. You grab the gnoll. You squeeze the gnoll.
The gnoll is lightly wounded.
You constrict the gnoll.
The gnoll struggles to escape constriction.
You hit the gnoll but do no damage.
The gnoll is lightly wounded.
You constrict the gnoll. The gnoll hits you with a +0 club.
The gnoll hits you from afar with a +0 spear!
* * * LOW HITPOINT WARNING * * *
You hit the gnoll.
The gnoll is poisoned.
You squeeze the gnoll.
You kill the gnoll!
Your Stealth skill increases to level 7!
The gnoll hits you from afar with a +0 spear.
You die...

...............
...............
#...........(.
#....<# #####.#
###..##...
##.........#
##.)#.#####.#
#.@##.#
#.)###.# #g#
#..


.bg ... ... #(## #...# .# #... #.. You could see 2 gnolls and a bat.

Vanquished Creatures
  2 gnolls (D:3)
  2 adders (D:2)
  3 dart slugs (D:1)
  A leopard gecko (D:1)
  6 bats
  4 giant cockroaches
  4 goblins
  5 hobgoblins
  2 jackals (D:1)
  9 kobolds
  10 frilled lizards
  3 rats
51 creatures vanquished.

Notes
Turn   | Place    | Note
-------+----------+-------------------------------------------
     0 | D:1      | uberloutre the Octopode Assassin began the quest for the
                  | Orb.
     0 | D:1      | Reached XP level 1. HP: 14/14 MP: 1/1
   393 | D:1      | Reached XP level 2. HP: 17/19 MP: 2/2
   452 | D:1      | Reached skill level 6 in Stealth
   839 | D:1      | Reached XP level 3. HP: 24/24 MP: 3/3
  1281 | D:2      | Reached XP level 4. HP: 27/29 MP: 4/4
  1432 | D:2      | Found an opulent altar of Gozag.
  1498 | D:2      | Found a shimmering altar of Xom.
  2067 | D:3      | Reached skill level 7 in Stealth
  2067 | D:3      | Slain by a gnoll

Skill      XL: |  1  2  3  4 |
---------------+-------------+-----
Stealth        | 6 7 |  7.0
Dodging        | 2 |  2.0
Fighting       | |  2.2
Short Blades   | |  2.6
Throwing       | |  2.0

Action                   |  1- 3 |  4- 6 || total
-------------------------+-------+-------++-------
Melee: Dagger            |    55 |    27 ||    82
       Constrict         |    13 |     8 ||    21
       Tentacles         |     9 |     7 ||    16
  Use: Scroll            |     1 |     2 ||     3
 Stab: Sleeping          |    13 |     5 ||    18
  Eat: Chunk             |     1 |     2 ||     3
Armor: Skin              |     2 |     1 ||     3
Dodge: Dodged            |    24 |    10 ||    34
